ESL (28 & UNDER)
BUFFALO LIGHTSABRES @ READING RAINBOWS
06/06/2030
 
TOP OF THE 1ST
Buffalo LightSabres batting - Pitching for Reading Rainbows : LHP Pedro Rosado
Pitching: LHP Pedro Rosado
Batting: RHB Mike Wagner 0-0: Ball
1-0: Called Strike
1-1: Foul Ball, location: 2F
1-2: Strikes out looking
Batting: LHB Tim Griffith 0-0: Called Strike
0-1: Ball
1-1: SINGLE (Line Drive, 6D)
Batting: RHB Augusto Padilla 0-0: Ball
1-0: Called Strike
1-1: Ball
2-1: Foul Ball, location: 2F
2-2: Foul Ball, location: 2F
2-2: Foul Ball, location: 2F
2-2: Ball
3-2: Fielders Choice at 2nd, 6-4 (Groundball, 6M)
Batting: LHB Garrett King 0-0: Ball
1-0: Called Strike
1-1: Ball
2-1: Foul Ball, location: 2F
2-2: DOUBLE (Line Drive, 7LM)
Augusto Padilla to third
Runner from 3rd tries for Home, SAFE, no throw
Batting: RHB Pat McDonald 0-0: Foul Ball, location: 2F
0-1: Swinging Strike
0-2: Ball
1-2: Ball
2-2: Foul Ball, location: 2F
2-2: Strikes out swinging
Top of the 1st over - 1 run, 2 hits, 0 errors, 1 left on base; Buffalo 1 - Reading 0
BOTTOM OF THE 1ST
Reading Rainbows batting - Pitching for Buffalo LightSabres : LHP Will Chapman
Pitching: LHP Will Chapman
Batting: LHB Ismael Barajas 0-0: Foul Ball, location: 2F
0-1: Ball
1-1: Foul Ball, location: 2F
1-2: Ball
2-2: Ball
3-2: Foul Ball, location: 2F
3-2: SINGLE (Groundball, 6D)
Batting: RHB Carlos Palomón 0-0: Ball
1-0: Ball
2-0: Ball
3-0: Foul Ball, location: 2F
3-1: Base on Balls
Ismael Barajas to second
Batting: RHB Ethan Moore 0-0: Called Strike
0-1: Foul Ball, location: 2F
0-2: Strikes out swinging
Batting: LHB Víctor Peña 0-0: Ball
1-0: Fly out, F9 (Line Drive, 9)
Batting: RHB Richard Case 0-0: Ground out 4-3 (Groundball, 4)
Bottom of the 1st over - 0 runs, 1 hit, 0 errors, 2 left on base; Buffalo 1 - Reading 0
TOP OF THE 2ND
Buffalo LightSabres batting - Pitching for Reading Rainbows : LHP Pedro Rosado
Batting: RHB Peter Dixon 0-0: Ball
1-0: Ball
2-0: Ball
3-0: Called Strike
3-1: Base on Balls
Batting: RHB Abraham Hardy 0-0: Ball
1-0: Called Strike
1-1: Called Strike
1-2: Strikes out looking
Batting: LHB Emílio Montoya 0-0: Ball
1-0: Foul Ball, location: 2F
1-1: Ball
2-1: Foul Ball, location: 2F
2-2: Foul Ball, location: 2F
2-2: Ball
3-2: Strikes out swinging
Batting: LHB Júlio Córdova 0-0: SINGLE (Groundball, 56D)
Peter Dixon to second
Batting: RHB Mike Wagner 0-0: Ground out 5-3 (Groundball, 56S)
Top of the 2nd over - 0 runs, 1 hit, 0 errors, 2 left on base; Buffalo 1 - Reading 0
BOTTOM OF THE 2ND
Reading Rainbows batting - Pitching for Buffalo LightSabres : LHP Will Chapman
Batting: RHB José Moreno 0-0: Called Strike
0-1: Foul Ball, location: 2F
0-2: Ground out 5-3 (Groundball, 56)
Batting: LHB Ramón Morán 0-0: Ball
1-0: SOLO HOME RUN (Flyball, 8RXD), Distance : 438 ft
Batting: RHB Spike Kennedy 0-0: Called Strike
0-1: Ball
1-1: Foul Ball, location: 2F
1-2: Strikes out swinging
Batting: SHB Johnny Jackson 0-0: Ball
1-0: Ball
2-0: Ball
3-0: Base on Balls
Batting: LHB Ismael Barajas 0-0: Ball
1-0: Ball
2-0: Called Strike
2-1: Swinging Strike
2-2: Foul Ball, location: 2F
2-2: Fly out, F3 (Popup, 13)
Bottom of the 2nd over - 1 run, 1 hit, 0 errors, 1 left on base; Buffalo 1 - Reading 1
TOP OF THE 3RD
Buffalo LightSabres batting - Pitching for Reading Rainbows : LHP Pedro Rosado
Batting: RHB John Warren 0-0: Fly out, F8 (Flyball, 8RS)
Batting: RHB Augusto Padilla 0-0: Called Strike
0-1: Foul Ball, location: 2F
0-2: Ball
1-2: SINGLE (Groundball, 6D)
Batting: LHB Garrett King 0-0: Ball
1-0: Ball
2-0: Called Strike
2-1: Foul Ball, location: 2F
2-2: Grounds into double play, 6-4-3 (Groundball, 6)
Top of the 3rd over - 0 runs, 1 hit, 0 errors, 0 left on base; Buffalo 1 - Reading 1
BOTTOM OF THE 3RD
Reading Rainbows batting - Pitching for Buffalo LightSabres : LHP Will Chapman
Batting: RHB Carlos Palomón 0-0: Called Strike
0-1: Fly out, F8 (Flyball, 8RS)
Batting: RHB Ethan Moore 0-0: Reached on error, E5 (Groundball, 5L)
Batting: LHB Víctor Peña 0-0: Ball
1-0: Ground out 6-3 (Groundball, 4MS)
Ethan Moore to second
Batting: RHB Richard Case 0-0: Fly out, F8 (Flyball, 8LD)
Bottom of the 3rd over - 0 runs, 0 hits, 1 error, 1 left on base; Buffalo 1 - Reading 1
TOP OF THE 4TH
Buffalo LightSabres batting - Pitching for Reading Rainbows : LHP Pedro Rosado
Batting: RHB Pat McDonald 0-0: Swinging Strike
0-1: Ball
1-1: Ground out 6-3 (Groundball, 6)
Batting: RHB Peter Dixon 0-0: Ball
1-0: Ball
2-0: Called Strike
2-1: Swinging Strike
2-2: Strikes out looking
Batting: RHB Abraham Hardy 0-0: Ball
1-0: Ball
2-0: Fly out, F9 (Flyball, 9LD)
Top of the 4th over - 0 runs, 0 hits, 0 errors, 0 left on base; Buffalo 1 - Reading 1
BOTTOM OF THE 4TH
Reading Rainbows batting - Pitching for Buffalo LightSabres : LHP Will Chapman
Batting: RHB José Moreno 0-0: Ground out 6-3 (Groundball, 6M)
Batting: LHB Ramón Morán 0-0: Ball
1-0: Ground out 4-3 (Groundball, 4)
Batting: RHB Spike Kennedy 0-0: DOUBLE (Line Drive, 8LXD)
Batting: SHB Johnny Jackson 0-0: Called Strike
0-1: Ball
1-1: Ball
2-1: Foul Ball, location: 2F
2-2: Foul Ball, location: 2F
2-2: Ball
3-2: SINGLE (Line Drive, 56D)
Spike Kennedy to third
Spike Kennedy scores
Batting: LHB Ismael Barajas 0-0: Ball
1-0: Foul Ball, location: 2F
1-1: Foul Ball, location: 2F
1-2: Foul Ball, location: 2F
1-2: Strikes out swinging
Bottom of the 4th over - 1 run, 2 hits, 0 errors, 1 left on base; Buffalo 1 - Reading 2
TOP OF THE 5TH
Buffalo LightSabres batting - Pitching for Reading Rainbows : LHP Pedro Rosado
Batting: LHB Emílio Montoya 0-0: Fly out, F7 (Line Drive, 7)
Batting: LHB Júlio Córdova 0-0: Ball
1-0: Ball
2-0: Foul Ball, location: 2F
2-1: Swinging Strike
2-2: Strikes out swinging
Batting: RHB Mike Wagner 0-0: Foul Ball, location: 2F
0-1: Swinging Strike
0-2: Ball
1-2: Ball
2-2: Ground out 6-3 (Groundball, 6)
Top of the 5th over - 0 runs, 0 hits, 0 errors, 0 left on base; Buffalo 1 - Reading 2
BOTTOM OF THE 5TH
Reading Rainbows batting - Pitching for Buffalo LightSabres : LHP Will Chapman
Batting: RHB Carlos Palomón 0-0: Foul Ball, location: 2F
0-1: Ball
1-1: Ball
2-1: Ball
3-1: Base on Balls
Batting: RHB Ethan Moore 0-0: Swinging Strike
0-1: Grounds into double play, 4-6-3 (Groundball, 4)
Batting: LHB Víctor Peña 0-0: Ground out 4-3 (Groundball, 34)
Bottom of the 5th over - 0 runs, 0 hits, 0 errors, 0 left on base; Buffalo 1 - Reading 2
TOP OF THE 6TH
Buffalo LightSabres batting - Pitching for Reading Rainbows : LHP Pedro Rosado
Batting: RHB John Warren 0-0: SINGLE (Groundball, 4MD)
Batting: RHB Augusto Padilla 0-0: Called Strike
0-1: Swinging Strike
0-2: Foul Ball, location: 2F
0-2: Ball
1-2: Ground out 3-1 (Groundball, 34S)
John Warren to second
Batting: LHB Garrett King 0-0: Ball
1-0: Ball
2-0: Called Strike
2-1: Ball
3-1: Swinging Strike
3-2: Foul Ball, location: 2F
3-2: Foul Ball, location: 2F
3-2: 2-RUN HOME RUN (Flyball, 9D), Distance : 358 ft
Batting: RHB Pat McDonald 0-0: Called Strike
0-1: Ball
1-1: Foul Ball, location: 2F
1-2: Fly out, F9 (Flyball, 9S)
Batting: RHB Peter Dixon 0-0: Ball
1-0: Ball
2-0: Ball
3-0: Base on Balls
Batting: RHB Abraham Hardy 0-0: Ball
1-0: Ball
2-0: SINGLE (Flyball, 8RS)
Peter Dixon to second
Runner from 2nd tries for 3rd, SAFE, no throw
Batting: LHB Emílio Montoya 0-0: Foul Ball, location: 2F
0-1: Fly out, F9 (Flyball, 9LM)
Top of the 6th over - 2 runs, 3 hits, 0 errors, 2 left on base; Buffalo 3 - Reading 2
BOTTOM OF THE 6TH
Reading Rainbows batting - Pitching for Buffalo LightSabres : LHP Will Chapman
Batting: RHB Richard Case 0-0: Ball
1-0: Ball
2-0: Fly out, F5 (Popup, 15)
Batting: RHB José Moreno 0-0: Called Strike
0-1: Swinging Strike
0-2: Ball
1-2: Ground out 4-3 (Groundball, 4)
Batting: LHB Ramón Morán 0-0: Ball
1-0: Ground out 4-3 (Groundball, 34D)
Bottom of the 6th over - 0 runs, 0 hits, 0 errors, 0 left on base; Buffalo 3 - Reading 2
TOP OF THE 7TH
Buffalo LightSabres batting - Pitching for Reading Rainbows : LHP Pedro Rosado
Pitching: LHP Bill Parry
Batting: LHB Júlio Córdova 0-0: Foul Ball, location: 2F
0-1: Called Strike
0-2: Strikes out swinging
Batting: RHB Mike Wagner 0-0: Called Strike
0-1: Ground out 4-3 (Groundball, 4)
Batting: RHB John Warren 0-0: Ball
1-0: Called Strike
1-1: Foul Ball, location: 2F
1-2: Ball
2-2: Foul Ball, location: 2F
2-2: Fly out, F7 (Flyball, 78D)
Top of the 7th over - 0 runs, 0 hits, 0 errors, 0 left on base; Buffalo 3 - Reading 2
BOTTOM OF THE 7TH
Reading Rainbows batting - Pitching for Buffalo LightSabres : LHP Will Chapman
Batting: RHB Spike Kennedy 0-0: Swinging Strike
0-1: Fly out, F8 (Line Drive, 8LM)
Batting: SHB Johnny Jackson 0-0: Hit by Pitch
Pinch Runner at 1st Edmund Swanson:
Batting: LHB Ismael Barajas 0-0: Fly out, F4 (Popup, 4MD)
Batting: RHB Carlos Palomón 0-0: Ball
1-0: Ball
2-0: Ball
3-0: Base on Balls
Edmund Swanson to second
Batting: RHB Ethan Moore 0-0: Ball
1-0: Called Strike
1-1: Foul Ball, location: 2F
1-2: Foul Ball, location: 2F
1-2: 3-RUN HOME RUN (Flyball, 7LD), Distance : 383 ft
Pitching: RHP Dylan Versluis
Batting: LHB Víctor Peña 0-0: Ball
1-0: Ball
2-0: Ground out 4-3 (Groundball, 4)
Bottom of the 7th over - 3 runs, 1 hit, 0 errors, 0 left on base; Buffalo 3 - Reading 5
TOP OF THE 8TH
Buffalo LightSabres batting - Pitching for Reading Rainbows : LHP Bill Parry
Now at C: Edmund Swanson
Batting: RHB Augusto Padilla 0-0: Ground out 5-3 (Groundball, 2L)
Batting: LHB Garrett King 0-0: Ball
1-0: Fly out, F4 (Popup, 4)
Batting: RHB Pat McDonald 0-0: Ball
1-0: Ball
2-0: Ball
3-0: Base on Balls
Batting: RHB Peter Dixon 0-0: Ball
1-0: Ball
2-0: Called Strike
2-1: Foul Ball, location: 2F
2-2: SINGLE (Groundball, 6MD)
Pat McDonald to second
Runner from 2nd tries for 3rd, SAFE, no throw
Pitching: RHP Michael Bane
Pinch Hitting: LHB Rob Davidson 0-0: Swinging Strike
Passed Ball!
Pat McDonald scores
Peter Dixon to second
0-1: Foul Ball, location: 2F
0-2: Strikes out swinging
Top of the 8th over - 1 run, 1 hit, 0 errors, 1 left on base; Buffalo 4 - Reading 5
BOTTOM OF THE 8TH
Reading Rainbows batting - Pitching for Buffalo LightSabres : RHP Dylan Versluis
Now in RF: Rob Davidson
Batting: RHB Richard Case 0-0: SOLO HOME RUN (Flyball, 7D), Distance : 368 ft
Batting: RHB José Moreno 0-0: Ball
1-0: Called Strike
1-1: Ball
2-1: Swinging Strike
2-2: Strikes out swinging, 2-3 out at first.
Pitching: LHP Tom Workman
Batting: LHB Ramón Morán 0-0: Swinging Strike
0-1: Ball
1-1: Swinging Strike
1-2: Strikes out swinging
Pitching: RHP Jerry Catron
Batting: RHB Spike Kennedy 0-0: Called Strike
0-1: Ground out 5-3 (Groundball, 56)
Bottom of the 8th over - 1 run, 1 hit, 0 errors, 0 left on base; Buffalo 4 - Reading 6
TOP OF THE 9TH
Buffalo LightSabres batting - Pitching for Reading Rainbows : RHP Michael Bane
Pitching: RHP Jesús Manuel
Batting: LHB Emílio Montoya 0-0: Called Strike
0-1: Foul Ball, location: 2F
0-2: Ground out U3 (Groundball, 34S)
Batting: LHB Júlio Córdova 0-0: Called Strike
0-1: Foul Ball, location: 2F
0-2: Strikes out looking
Batting: RHB Mike Wagner 0-0: Ball
1-0: Swinging Strike
1-1: Ball
2-1: Fly out, F4 (Popup, 4MD)
Top of the 9th over - 0 runs, 0 hits, 0 errors, 0 left on base; Buffalo 4 - Reading 6
Saturday, April 7th, 2018 - OOTP Baseball 18.8 Build 76